 Dungeon Crawl Stone Soup version 0.26-a0-800-g517d6fe721 (webtiles) character file.

Game seed: 6492849731613036722

19 EnegeticOcto the Chiller (level 2, 2/20 HPs)
             Began as a Ghoul Ice Elementalist on Nov 11, 2020.
             Quit the game on level 1 of the Dungeon.
             The game lasted 00:01:46 (278 turns).

EnegeticOcto the Chiller (Ghoul Ice Elementalist)    Turns: 278, Time: 00:01:46

Health: 2/20       AC:  2    Str: 11    XL:     2   Next: 75%
Magic:  1/3        EV: 12    Int: 10    God:
Gold:   88         SH:  0    Dex:  9    Spells: 3/4 levels left

rFire    . . .     SeeInvis .   (no weapon)
rCold    + . .     Faith    .   (no shield)
rNeg     + + +     Spirit   .   a - +0 robe
rPois    ∞         Reflect  .   (no helmet)
rElec    .         Harm     .   (no cloak)
rCorr    .         Rampage  .   (no gloves)
MR       .....                  (no boots)
Stlth    ++........             (no amulet)
HPRegen  0.06/turn              (no ring)
MPRegen  0.08/turn              (no ring)

@: no status effects
A: rotting body, claws 1, cold resistance 1, negative energy resistance 3,
inhibited regeneration, torment resistance, unbreathing
a: no special abilities


You were on level 1 of the Dungeon.
You visited 1 branch of the dungeon, and saw 2 of its levels.

You collected 88 gold pieces.

Inventory:

Missiles
 c - a javelin (quivered)
Armour
 a - a +0 robe (worn)
Scrolls
 b - 5 scrolls of identify {unknown}
 d - a scroll of remove curse {unknown}
 f - a scroll of teleportation {unknown}
Potions
 e - 2 potions of flight {unknown}


   Skills:
 - Level 1.7 Dodging
 - Level 2.1 Stealth
 - Level 1.7 Spellcasting
 + Level 5.2 Ice Magic


You had 3 spell levels left.
You knew the following spells:

 Your Spells              Type           Power        Failure   Level
a - Freeze                Ice            ##..         3%          1

Your spell library contained the following spells:

 Spells                   Type           Power        Failure   Level
 Frozen Ramparts          Ice            ##....       11%         3
 Ozocubu's Armour         Ice            ##......     11%         3
 Hailstorm                Conj/Ice       #.......     73%         4
 Summon Ice Beast         Ice/Summ       #.......     73%         4


Dungeon Overview and Level Annotations

Branches:
Dungeon (2/15)

Altars:

Annotations:
D:2 Sigmund


Innate Abilities, Weirdness & Mutations

Your body is rotting away.
You thrive by killing the living.
You are immune to poison.
You have sharp fingernails.
Your flesh is cold resistant. (rC+)
You are immune to negative energy. (rN+++)
You do not regenerate when monsters are visible.
You are immune to unholy pain and torment.
You can survive without breathing.


Message History

The ball python barely misses you. The ball python grabs you.
The ball python constricts you.
You closely miss the ball python. The ball python closely misses you.
The ball python constricts you.
You barely miss the ball python.
The ball python bites you but does no damage.
The ball python constricts you.
You scratch the ball python.
You kill the ball python!
You scratch the hobgoblin.
The hobgoblin is severely wounded.
The hobgoblin barely misses you.
Casting: Freeze (safe; 4% risk of failure)
Confirm with . or Enter, or press ? or * to list all spells.
Aiming: Freeze (safe; 4% risk of failure)
Press: ? - help, Shift-Dir - straight line, f - hobgoblin
Aim: a hobgoblin (severely wounded)
You freeze the hobgoblin.
You kill the hobgoblin!
You feel better. The dart slug closely misses you.
Things that are here:
a hobgoblin corpse; a frilled lizard corpse You scratch the dart slug.
The dart slug is severely wounded.
The dart slug bites you but does no damage.
You scratch the dart slug.
You kill the dart slug!
You feel better.
You see here a dart slug corpse.
You see here a +0 club.
You open the door.
Found 8 gold pieces.
There is an open door here.
Found 12 stones.
Found an escape hatch in the ceiling.
You now have 74 gold pieces (gained 8).
Sigmund the Dreaded comes into view.
He is wielding a +1 scythe of venom and carrying a wand of polymorph (12).
Sigmund shouts!
Sigmund zaps a wand.
Throwing (i - inventory)
c - 4 javelins (quivered)
Press: ? - help, Shift-Dir - straight line, f - Sigmund
Aim: Sigmund, wielding a +1 scythe of venom, wearing a +0 robe and carrying a wand of polymorph (11)
You throw a javelin. The javelin barely misses Sigmund.
Sigmund points at you and mumbles some strange words.
You resist with significant effort.
Throwing (i - inventory)
c - 3 javelins (quivered)
Press: ? - help, Shift-Dir - straight line, f/p - Sigmund
Aim: Sigmund, wielding a +1 scythe of venom, wearing a +0 robe and carrying a wand of polymorph (11)
You throw a javelin. The javelin pierces through Sigmund.
Sigmund is lightly wounded.
Sigmund gestures at you while chanting. The magic dart hits you.
* * * LOW HITPOINT WARNING * * *
A hobgoblin comes into view. It is wielding a +0 club.
Throwing (i - inventory)
c - 2 javelins (quivered)
Press: ? - help, Shift-Dir - straight line, f/p - Sigmund
Aim: Sigmund, wielding a +1 scythe of venom, wearing a +0 robe and carrying a wand of polymorph (11) (lightly wounded)
You throw a javelin. The javelin barely misses Sigmund.
The hobgoblin shouts!
There is an escape hatch in the ceiling here.
Really go through this one-way escape hatch?
Sigmund points at you and mumbles some strange words.
The magic dart hits you.
* * * LOW HITPOINT WARNING * * *
A mysterious force pulls you upwards. The hatch slams shut behind you.
A bat comes into view.
Found a scroll labelled OFROKK UCUSHRI.
The bat hits you but does no damage.
Found a robe.
Things that are here:
a scroll labelled OFROKK UCUSHRI; 14 gold pieces
Casting: Freeze (safe; 3% risk of failure)
Confirm with . or Enter, or press ? or * to list all spells.
Aiming: Freeze (safe; 3% risk of failure)
Press: ? - help, Shift-Dir - straight line, f - bat
Aim: a bat You freeze the bat.
You kill the bat!
b - 5 scrolls labelled OFROKK UCUSHRI (gained 1)
You now have 88 gold pieces (gained 14).
A leopard gecko comes into view.
The leopard gecko hisses angrily.
The leopard gecko closely misses you.
Casting: Freeze (safe; 3% risk of failure)
Confirm with . or Enter, or press ? or * to list all spells.
Aiming: Freeze (safe; 3% risk of failure)
Press: ? - help, Shift-Dir - straight line, f - leopard gecko
Aim: a leopard gecko You freeze the leopard gecko.
The leopard gecko is almost dead.
The leopard gecko closely misses you.
Casting: Freeze (safe; 3% risk of failure)
Confirm with . or Enter, or press ? or * to list all spells.
Aiming: Freeze (safe; 3% risk of failure)
Press: ? - help, Shift-Dir - straight line, f/p - leopard gecko
Aim: a leopard gecko (almost dead)
You freeze the leopard gecko.
You kill the leopard gecko!
You feel better.
Are you sure you want to abandon this character and quit the game? (Confirm with "yes".)

####.###.....#.#
...............#
####.###.####..#
..............#
######.###.####.##
................#
###.......#..#
###.####.#.#.#.# #
.......@.#.#[....
###.####.#.###.###
#.#.# .# #.#.# #
#.... ###.#


There were no monsters in sight!

Vanquished Creatures
  A dart slug (D:2)
  A leopard gecko (D:1)
  A ball python (D:2)
  3 bats
  A goblin (D:1)
  4 hobgoblins
  A frilled lizard (D:2)
  A kobold (D:1)
  A rat (D:2)
14 creatures vanquished.

Notes
Turn   | Place    | Note
-------+----------+-------------------------------------------
     0 | D:1      | EnegeticOcto the Ghoul Ice Elementalist began the quest for
                  | the Orb.
     0 | D:1      | Reached XP level 1. HP: 14/14 MP: 2/2
   185 | D:2      | Reached XP level 2. HP: 20/20 MP: 1/3
   223 | D:2      | Reached skill level 5 in Ice Magic
   254 | D:2      | Noticed Sigmund
   262 | D:2      | HP: 1/20 [Sigmund/magic dart (6)]
   278 | D:1      | Quit the game

Illustrated notes

Levels and vault maps discovered:
D:1:      dpeg_arrival_long_road, layout_basic
D:2:      layout_basic, minitemple, minmay_tromino_v2, uniq_terence,
          uniq_sigmund

Skill      XL: |  1  2 |
---------------+-------+-----
Ice Magic      | 5 |  5.2
Dodging        | |  1.7
Stealth        | |  2.1
Spellcasting   | |  1.7

Action                   || total
-------------------------++-------
Melee: Unarmed           ||    19
Throw: Javelin           ||     3
 Cast: Freeze            ||    14
 Stab: Sleeping          ||     1
Armor: Robe              ||     5
Dodge: Dodged            ||    21

Table legend: (Time is in decaauts)
 A = Elapsed time spent in this place.
 B = Non-inter-level travel time spent in this place.
 C = Inter-level travel time spent in this place.
 D = Time resting spent in this place.
 E = Time spent auto-exploring this place.
 F = Levels seen in this place.
 G = Mean time per level.
                   A        B        C        D        E       F      G
               +--------+--------+--------+--------+--------+-----+--------+
         Total |    279 |    278 |      1 |      0 |      0 |   2 |  139.5 |
       Dungeon |    279 |    278 |      1 |      0 |      0 |   2 |  139.5 |
               +--------+--------+--------+--------+--------+-----+--------+

Top non-repeatable levels by time:
     D:1: 175 daAuts
     D:2: 104 daAuts
